 Dungeon Crawl Stone Soup version 0.30-a0-840-ga523dec638 (webtiles) character file.

Game seed: 17986718341727654760

7 cforsyth the Sneak (level 2, 0/18 HPs)
             Began as a Kobold Brigand on Mar 2, 2023.
             Slain by a ball python (2 damage)
             ... on level 1 of the Dungeon.
             The game lasted 00:00:19 (105 turns).

cforsyth the Sneak (Kobold Brigand)                  Turns: 105, Time: 00:00:19

Health: 0/18       AC:  3    Str:  8    XL:     2   Next: 10%
Magic:  2/2        EV: 14    Int: 12    God:
Gold:   29         SH:  0    Dex: 16    Spells: 1/1 levels left

rFire   . . .      SeeInvis .    a - +2 dagger
rCold   . . .      Faith    .    (no shield)
rNeg    . . .      Spirit   .    b - +0 robe
rPois   .          Reflect  .    (no helmet)
rElec   .          Harm     .    c - +0 cloak
rCorr   .          Rampage  .    (no gloves)
Will    .....                    (no boots)
Stlth   ++++                     (no amulet)
HPRegen 0.23/turn                (no ring)
MPRegen 0.08/turn                (no ring)

@: about to teleport
A: small, no large weapons, nightstalker 3
a: no special abilities


You were on level 1 of the Dungeon.
You visited 1 branch of the dungeon, and saw 1 of its levels.

You collected 29 gold pieces.

Inventory:

Hand Weapons
 a - a +2 dagger (weapon)
Missiles
 d - 9 poisoned darts (quivered)
 e - 3 curare-tipped darts
Armour
 b - a +0 robe (worn)
 c - a +0 cloak (worn)
Scrolls
 g - 3 scrolls of amnesia {unknown}


   Skills:
 + Level 2.4 Fighting
 + Level 3.0 Short Blades
 - Level 2.1 Throwing
 + Level 1.6 Dodging
 + Level 5.4 Stealth


You had one spell level left.
You didn't know any spells.
Your spell library was empty.

Dungeon Overview and Level Annotations

Branches:
Dungeon (1/15)

Altars:


Innate Abilities, Weirdness & Mutations

You are small and have problems with some larger weapons.
You are completely attuned to the shadows.


Message History

The goblin hits you with a +0 club.
Your Short Blades skill increases to level 3!
You barely miss the goblin. The jackal closely misses you.
The jackal barely misses you. The quokka barely misses you.
The goblin hits you but does no damage.
A ball python comes into view.
You hit the goblin.
The goblin is moderately wounded.
The jackal bites you but does no damage.
The jackal bites you. The quokka bites you. The goblin misses you.
You barely miss the goblin.
The goblin is moderately wounded.
The jackal bites you but does no damage.
The jackal closely misses you. The quokka barely misses you.
The jackal bites you.
You are too injured to fight recklessly!
You are too injured to fight recklessly!
You are too injured to fight recklessly!
You are too injured to fight recklessly!
You are too injured to fight recklessly!
You are too injured to fight recklessly!
You are too injured to fight recklessly!
You are too injured to fight recklessly!
The quokka bites you. The jackal misses you. The goblin closely misses you.
A giant cockroach comes into view.
The quokka attacks as you move away! The quokka bites you.
* * * LOW HITPOINT WARNING * * *
The goblin attacks as you move away! The goblin hits you with a +0 club.
* * * LOW HITPOINT WARNING * * *
The quokka misses you.
Unknown command.
Unknown command.
You aren't carrying any potions.
As you read the scroll labelled DUVEJOE LOSAD, it crumbles to dust.
You feel strangely unstable.
It was a scroll of teleportation.
The ball python misses you. x2
The quokka bites you but does no damage.
You closely miss the ball python. The ball python bites you.
You die...

#...........#
#...#.#.#.#.##.#..
###.........#.##.#..#
......#.#†#.........
#####.......####.#.##.
).....#.#.#.....†#.B..
#####.......###..B.###
## ##.###### ##S#h..##
.# #....# #@rgh.... .#
#.#..##########.... .#
#.#........ .... .#
##.#......≈. .... .#
##.........§.
.###..#.....§≈§≈.
#...........§≈§≈..
#...........≈≈≈≈≈..
#≈≈≈≈≈≈≈≈≈≈.≈≈≈≈≈≈≈


You could see a quokka, 2 jackals, a giant cockroach, a goblin and a ball
python.

Vanquished Creatures
  An endoplasm (D:1)
  A goblin (D:1)
  3 jackals (D:1)
  A rat (D:1)
6 creatures vanquished.

Notes
Turn   | Place    | Note
-------+----------+-------------------------------------------
     0 | D:1      | cforsyth the Kobold Brigand began the quest for the Orb.
     0 | D:1      | Reached XP level 1. HP: 12/12 MP: 1/1
    88 | D:1      | Reached XP level 2. HP: 18/18 MP: 2/2
   105 | D:1      | Slain by a ball python

Illustrated notes

Levels and vault maps discovered:
D:1:      onia_arrival_pentagram, layout_basic, serial_glass, glass_columns_b,
          glass_columns_b, glass_columns_a, minmay_door_square,
          minmay_rat_gold_closets

Skill      XL: |  1  2 |
---------------+-------+-----
Short Blades   | 3 |  3.0
Fighting       | |  2.4
Throwing       | |  2.1
Dodging        | |  1.6
Stealth        | |  5.4

Action                     || total
---------------------------++-------
  Melee: Dagger            ||    15
    Use: Scroll            ||     1
   Stab: Sleeping          ||     4
 Armour: Robe              ||     7
  Dodge: Dodged            ||    22

Table legend: (Time is in decaauts)
 A = Elapsed time spent in this place.
 B = Non-inter-level travel time spent in this place.
 C = Inter-level travel time spent in this place.
 D = Time resting spent in this place.
 E = Time spent auto-exploring this place.
 F = Levels seen in this place.
 G = Mean time per level.
                   A        B        C        D        E       F      G
               +--------+--------+--------+--------+--------+-----+--------+
         Total |    102 |    102 |      0 |      0 |     67 |   1 |  102.0 |
       Dungeon |    102 |    102 |      0 |      0 |     67 |   1 |  102.0 |
               +--------+--------+--------+--------+--------+-----+--------+

Top non-repeatable levels by time:
     D:1: 102 daAuts
